 Dungeon Crawl Stone Soup version 0.26-a0-215-g1b87330c0f (webtiles) character file.

Game seed: 3591967429406622953

66 MrRokkomies the Vexing (level 3, -6/24 HPs)
             Began as a Vampire Enchanter on July 6, 2020.
             Mangled by a gnoll
             ... wielding a +0 flail
              (12 damage)
             ... on level 3 of the Dungeon.
             The game lasted 00:04:33 (1505 turns).

MrRokkomies the Vexing (Vampire Enchanter)          Turns: 1505, Time: 00:04:33

Health: -6/24      AC:  2    Str:  8    XL:     3   Next: 96%
Magic:  2/7        EV: 12    Int: 17    God:
Gold:   96         SH:  0    Dex: 14    Spells: 1/7 levels left

rFire    . . .     SeeInvis +   a - +1 dagger
rCold    . . .     Faith    .   (no shield)
rNeg     . . .     Spirit   .   b - +0 robe
rPois    .         Reflect  .   (no helmet)
rElec    .         Harm     .   (no cloak)
rCorr    .                      (no gloves)
MR       .....                  (no boots)
Stlth    +++.......             (no amulet)
HPRegen  0.28/turn              i - ring of flight
MPRegen  0.10/turn              (no ring)

@: regenerating quickly
A: no food, fangs 3, see invisible, unbreathing
a: Exsanguinate, Evoke Flight


You were on level 3 of the Dungeon.
You were alive.

You visited 1 branch of the dungeon, and saw 3 of its levels.

You collected 96 gold pieces.

Inventory:

Hand Weapons
 a - a +1 dagger (weapon)
Missiles
 f - 17 poisoned darts (quivered)
Armour
 b - a +0 robe (worn)
Jewellery
 i - a ring of flight (left hand)
Scrolls
 c - 2 scrolls of remove curse
 d - a scroll of immolation {unknown}
 e - 2 scrolls of identify {unknown}
 g - 2 scrolls of teleportation {unknown}
 h - a scroll of blinking {unknown}
 j - a scroll of amnesia {unknown}
Potions
 k - 2 potions of flight {unknown}
 l - a potion of berserk rage {unknown}
 m - a potion of might {unknown}


   Skills:
 + Level 1.8 Short Blades
 - Level 2.1 Dodging
 + Level 5.1 Stealth
 * Level 2.8 Spellcasting
 * Level 5.4 Hexes


You had one spell level left.
You knew the following spells:

 Your Spells              Type           Power        Failure   Level
a - Corona                Hex            ###....      1%          1
b - Ensorcelled Hibernat  Hex/Ice        ##....       9%          2
c - Confusing Touch       Hex            ###.....     5%          3

Your spell library contained the following spells:

 Spells                   Type           Power        Failure   Level
 Tukima's Dance           Hex            ###.....     5%          3
 Dazzling Flash           Conj/Hex       ##....       17%         3


Dungeon Overview and Level Annotations

Branches:
Dungeon (3/15)

Altars:


Innate Abilities, Weirdness & Mutations

You do not eat.
Your natural rate of healing is unusually fast.
You have razor-sharp teeth.
You have supernaturally acute eyesight. (SInv)
You can survive without breathing.


Message History

The poisoned dart barely misses the gnoll.
The gnoll barely misses you.
Throwing (i - inventory)
f - 19 poisoned darts (quivered)
Press: ? - help, Shift-Dir - straight line, f/p - gnoll
Aim: a gnoll, wielding a +0 flail (moderately wounded, very poisoned)
You throw a poisoned dart.
The poisoned dart closely misses the gnoll.
Throwing (i - inventory)
f - 18 poisoned darts (quivered)
Press: ? - help, Shift-Dir - straight line, f/p - gnoll
Aim: a gnoll, wielding a +0 flail (moderately wounded, poisoned)
You throw a poisoned dart.
The poisoned dart barely misses the gnoll.
The gnoll hits you with a +0 flail.
* * * LOW HITPOINT WARNING * * *
Things that are here:
a +0 club; a hobgoblin corpse; a kobold corpse The gnoll looks more healthy.
The gnoll hits you with a +0 flail!
Ouch! That really hurt!
You die...

#.# ##.##
#.#########...##
#(.....(<).....#
#.####.#.†.....#
#)####..#.# #.#
#..# .$
#.####g.# #
#....@..#
#######.# #.#
#.# #.# ... ..


You could see a gnoll.

Vanquished Creatures
  2 gnolls (D:3)
  3 adders (D:2)
  A dart slug (D:1)
  A bat (D:2)
  2 giant cockroaches
  A goblin (D:1)
  A hobgoblin (D:3)
  A quokka (D:2)
  A frilled lizard (D:3)
  5 kobolds
  4 rats
22 creatures vanquished.

Notes
Turn   | Place    | Note
-------+----------+-------------------------------------------
     0 | D:1      | MrRokkomies the Vampire Enchanter began the quest for the
                  | Orb.
     0 | D:1      | Reached XP level 1. HP: 13/13 MP: 3/3
   674 | D:1      | Reached XP level 2. HP: 16/19 MP: 5/5
   678 | D:1      | Learned a level 2 spell: Ensorcelled Hibernation
  1144 | D:2      | Reached skill level 5 in Hexes
  1251 | D:2      | Reached XP level 3. HP: 18/24 MP: 3/6
  1292 | D:3      | Reached skill level 5 in Stealth
  1305 | D:3      | Learned a level 3 spell: Confusing Touch
  1505 | D:3      | Mangled by a gnoll

Illustrated notes

Levels and vault maps discovered:
D:1:      matt_arrival_grand_opening, layout_basic
D:2:      layout_rooms, minmay_misc_feat_rows, grunt_qazlal_sundering
D:3:      layout_loops_corners, nicolae_overflow_crystal_walls,
          hellmonk_ghost_happy_afterlife, minivault_24

Skill      XL: |  1  2  3 |
---------------+----------+-----
Hexes          | 5 |  5.4
Stealth        | 5 |  5.1
Short Blades   | |  1.8
Dodging        | |  2.1
Spellcasting   | |  2.8

Action                   || total
-------------------------++-------
Melee: Dagger            ||    62
       Bite              ||     5
Throw: Dart              ||    12
 Cast: Ensorcelled Hiber ||    14
  Use: Scroll            ||     1
 Stab: Sleeping          ||    10
Armor: Robe              ||    13
Dodge: Dodged            ||    57

Table legend:
 A = Non-vault XP
 B = Vault XP
 C = Vault XP percentage of total XP
 D = Non-vault monster count
 E = Vault monster count
 F = Vault count percentage of total count
                 A         B        C        D         E       F
            +---------+---------+-------+---------+---------+-------
      Total |      95 |       0 |   0.0 |      22 |       0 |   0.0
            +---------+---------+-------+---------+---------+-------
        D:1 |      15 |       0 |   0.0 |       9 |       0 |   0.0
        D:2 |      48 |       0 |   0.0 |       8 |       0 |   0.0
        D:3 |      32 |       0 |   0.0 |       5 |       0 |   0.0
            +---------+---------+-------+---------+---------+-------
